Unix NetHack Version 3.7.0-86 Work-in-progress - last build May 30 2023 01:50:43 (cc98dc9aa62a9957b082a042edf5bd7ec9f632c7,branch:master). Game began 2023-06-26 01:24:01, ended 2023-06-26 09:19:51. ais523, lawful female dwarven Valkyrie -------------------- -- ..........@...a.)&%... ...| .......A...----a----... .....A...| a aaa.a........-- ..u. --.... ..........| ...a...a.-- a .... --.T...A..A..... ----- ..A......a| .A.. |.............. ----- @ a.a| -AA@------- .%D. -----.S.----- |.%. @ & ---------@.-- ----@- TA.D ----A---- --..- -------A a|.......|..a-- --.aAA. -----A----- --..A....-- --...| ...@..| A |......a|B...---.aBa@.a a ---....[A.@.-----...%AQ...---A..A|.AA....| |a.._..)Aaa@)a%q@.aa..a aa |.a.a..@..Au..||........@O.@.A.Da+q..@...| B|..@....|....---.a.a a |. ----.----a.|--.....A&..---.a..| ..a...| a|.......|.a.-- a a | |.......| | --...@...-- --.@@| a @...|A a---------..-- |..A@...| -------- --.a- -----@ Ha ...| a|..._@..| |.a. a ----- @@|.......| ----- |.......| --------- A @ Ais523 the Warrior St:18/95 Dx:17 Co:20 In:12 Wi:16 Ch:12 Lawful Astral Plane $:0 HP:157(157) Pw:12(12) AC:-30 Xp:17/706531 T:30336 Blind Latest messages: You hit the renegade priestess of Tyr! You kill the renegade priestess of Tyr! The fire ant misses! The fire ant misses! The blue dragon breathes lightning! The blast of lightning whizzes by you! You are blinded by the flash! The blast of lightning misses the fire ant. The blast of lightning hits the priest of Loki. The blast of lightning misses the fire ant. The blast of lightning hits the fire ant! You hear a mumbled curse. A nearby voice intones: "Pilgrim, you enter a sacred place!" You try to feel what is lying here on the doorway. There is an open door here. There are several objects here. The fire ant misses! The fire ant misses! A warhorse suddenly appears! Pestilence moves the giant beetle out of the way! You hear a rumbling noise. Death moves the priest of Moloch out of the way! Pestilence moves the giant beetle out of the way! The Angel of Loki misses! The Angel of Loki misses! The Angel of Loki misses! The Angel of Loki casts a spell at you! You are hit by a shower of missiles! The missiles bounce off! You hear a distant zap. The blast of lightning misses the giant beetle. The blast of lightning hits the titanothere! "Up thy nose with a rubber hose!" You try to feel what is lying here on the altar. There is a high altar to Tyr (lawful) here. You feel no objects here. # What do you want to sacrifice? [t or ?*] You offer the Amulet of Yendor to Tyr... An invisible choir sings, and you are bathed in radiance... The voice of Tyr booms: "Mortal, thou hast done well!" "In return for thy service, I grant thee the gift of Immortality!" You ascend to the status of Demigoddess... Do you want your possessions identified? [ynq] (y) Do you want to see your attributes? [ynq] (y) Do you want an account of creatures vanquished? [ynaq] (y) Do you want a list of extinct species? [ynaq] (y) Do you want to see your conduct and achievements? [ynq] (y) Do you want to see the dungeon overview? [ynq] (y) Inventory: Amulets Z - a blessed amulet of life saving (being worn) Weapons R - 9 +0 darts (at the ready) a - the blessed rustproof +6 Excalibur (wielded in right hand) E - a rustproof +3 katana (wielded in left hand) Armor C - an uncursed rustproof +3 helm of telepathy (being worn) U - an uncursed fireproof +4 pair of leather gloves (being worn) e - an uncursed burnt +0 pair of levitation boots m - a blessed fireproof +3 pair of speed boots (being worn) u - a blessed fireproof +4 cloak of magic resistance (being worn) c - an uncursed +5 Hawaiian shirt with a toucan motif (being worn) q - an uncursed greased +4 silver dragon scale mail named r:pctsfl (being worn) Comestibles G - an uncursed carrot r - a blessed homemade tin of nurse meat z - 2 uncursed lizard corpses Rings i - an uncursed ring of free action (on right hand) n - an uncursed +3 ring of increase damage (on left hand) W - an uncursed ring of polymorph control N - an uncursed +1 ring of protection F - a blessed ring of shock resistance Wands M - a blessed wand of death named wished for (0:0) y - a wand of death (0:1) I - a wand of digging (0:3) L - a wand of digging (0:0) O - a wand of secret door detection (0:7) Y - a wand of striking (0:3) v - a blessed wand of teleportation (0:3) Tools s - a blessed greased bag of holding containing 49 items V - the Bell of Opening (0:2) H - the uncursed Candelabrum of Invocation (7 of 7 candles attached) l - an uncursed magic lamp (lit) o - the blessed Orb of Fate (0:0) d - a +0 pick-axe k - an uncursed skeleton key w - a blessed +0 unicorn horn Contents of the bag of holding: an uncursed amulet of life saving an uncursed amulet of life saving an uncursed amulet of life saving 8 uncursed K-rations 5 uncursed lumps of royal jelly a blessed tin of nurse meat 2 uncursed lizard corpses 3 blessed scrolls of blank paper a cursed scroll of blank paper a cursed scroll of create monster a blessed scroll of fire an uncursed scroll of genocide 2 uncursed scrolls of identify an uncursed scroll of taming 9 uncursed scrolls of teleportation 2 cursed scrolls of teleportation a blessed potion of extra healing 4 blessed diluted potions of full healing an uncursed potion of levitation 9 potions of holy water an uncursed ring of polymorph an uncursed ring of sustain ability an uncursed ring of teleportation a wand of cold (0:0) a wand of digging (0:8) a wand of digging (0:6) a wand of digging (0:6) a wand of digging (0:5) a wand of digging (0:1) a wand of fire (0:5) a wand of fire named low (0:3) a wand of light (0:13) a wand of lightning (0:6) a wand of lightning (0:3) a wand of lightning named low (0:1) a wand of locking (0:5) a wand of polymorph (0:8) a wand of polymorph (0:5) a wand of polymorph (0:5) a wand of polymorph (0:2) a wand of sleep (0:6) a wand of striking (0:6) a wand of striking (0:4) a wand of striking (0:0) an uncursed blindfold a magic marker (1:36) 6 uncursed tallow candles a blessed tinning kit (0:15) an uncursed wax candle Ais523 the Valkyrie's attributes: Background: You were a Warrior, a level 17 dwarven Valkyrie. You were lawful, on a mission for Tyr who was opposed by Odin (neutral) and Loki (chaotic). You were in the endgame, on the Astral Plane. You entered the dungeon 30336 turns ago. You had 706531 experience points, 573469 more were needed to attain level 18. Basics: You had all 157 hit points. You had all 12 energy points (spell power). Your armor class was -30. Your wallet was empty. Autopickup was off. Final Characteristics: Your strength was 18/95 (limit:18/100). Your dexterity was 17 (limit:20). Your constitution was 20 (limit:20). Your intelligence was 12 (limit:16). Your wisdom was 16 (limit:16). Your charisma was 12 (limit:16). Final Status: You were temporarily blind. You were not hungry. You were unencumbered. You were wielding two weapons at once. Your skill in long sword was limited by being skilled with two weapons. Final Attributes: You were piously aligned. You were magic-protected. You were fire resistant. You were cold resistant. You were sleep resistant. You were shock resistant. You were poison resistant. You were level-drain resistant. You would have seen invisible when not blind. You were telepathic. You were warned. You had automatic searching. You had infravision. You were invisible to others. You were stealthy. You had a small damage bonus (+3). You had a small defense bonus (+4). You were warded. You took half physical damage. You took half spell damage. You were very fast. You had reflection. You had free action. Your life would have been saved. You were lucky. You had extra luck. Good luck did not time out for you. You survived after being killed once. Miscellaneous: You never encountered a bones level. Total elapsed playing time was 7 hours, 45 minutes and 24 seconds. Major events: Turn 1: ais523 the lawful dwarven Valkyrie entered the dungeon 997: made her first wish - "blessed greased fixed +3 silver dragon scale mail", got "a greased silver dragon scale mail" 1003: wished for "3 blessed scrolls of charging", got "a scroll labeled GNIK SISI VLE" 1016: wished for "blessed greased fixed +3 speed boots", got "a greased pair of riding boots" 1019: wished for "blessed greased fixed +3 katana", got "a greased katana" 1020: wished for "blessed greased fixed +3 cloak of magic resistance", got "a greased tattered cape" 1120: attained the rank of Skirmisher (level 3) 1395: entered the Gnomish Mines 1518: wished for "blessed fixed tin of green dragon meat", got "a tin" 2141: attained the rank of Fighter (level 6) 3316: consulted the Oracle 3531: entered Sokoban 3888: completed 1st Sokoban level 4252: completed 2nd Sokoban level 4497: completed 3rd Sokoban level 8311: wished for "blessed greased fixed bag of holding", got "a greased bag" 9192: attained the rank of Woman-at-arms (level 10) 11865: endured an absurd aquatic ceremony, and now wields Excalibur 12533: wished for "blessed fixed ring of levitation", got "a steel ring" 14522: killed Medusa 15359: averted death (killed by a minotaur) 15631: wished for "blessed fixed amulet of life saving", got "an amulet of life saving" 15632: wished for "3 blessed scrolls of enchant armor", got "3 scrolls labeled ANDOVA BEGARIN" 15644: wished for "uncursed magic marker", got "a magic marker" 15664: wished for "blessed greased fixed +3 helm of telepathy", got "a greased visored helmet" 15672: wished for "blessed fixed ring of shock resistance", got "an opal ring" 15712: wished for "blessed fixed wand of death", got "a wand of death" 15911: entered Gehennom 16659: attained the rank of Warrior (level 14) 17690: found the Orb of Fate on the floor 17811: killed Lord Surtur 17812: acquired the Bell of Opening 19709: wished for "blessed fixed +3 speed boots", got "a pair of speed boots" 20164: killed Juiblex 20173: killed the invisible Asmodeus 20188: killed the invisible Baalzebub 21706: killed Orcus 24486: destroyed Vlad the Impaler 24487: acquired the Candelabrum of Invocation 26470: killed the Wizard of Yendor 26474: acquired the Book of the Dead 27489: performed the invocation 27692: killed Yeenoghu 27709: killed the high priestess of Moloch 27711: acquired The Amulet of Yendor 28150: killed the Wizard of Yendor (2nd time) 28337: killed the Wizard of Yendor (3rd time) 28893: killed the Wizard of Yendor (5th time) 29701: entered the Elemental Planes 29701: entered Plane of Earth 29779: entered Plane of Air 30012: entered Plane of Fire 30137: entered Plane of Water 30187: entered the Astral Plane 30198: found Frost Brand carried by a monster 30200: killed Famine 30247: killed Famine (2nd time) 30273: killed Pestilence 30292: killed Pestilence (2nd time) 30315: killed Death 30336: ascended Vanquished creatures: Asmodeus Baalzebub Orcus Yeenoghu Juiblex the Wizard of Yendor (7 times) Death Pestilence (twice) Famine (twice) Vlad the Impaler 2 arch-liches a high cleric 2 mastodons Medusa 8 krakens an iron golem 3 master liches 9 storm giants 2 glass golems 2 balrogs 7 purple worms 2 gold dragons 3 silver dragons 3 red dragons a white dragon 2 orange dragons 2 black dragons 4 blue dragons 2 green dragons a yellow dragon 24 minotaurs a jabberwock Lord Surtur 5 baluchitheria 9 Angels 7 demiliches 7 stone golems 3 master mind flayers 8 Olog-hai a Nazgul 12 pit fiends 5 sandestins 6 hell hounds a displacer beast 7 titanotheres 9 trappers a baby blue dragon 4 genetic engineers 2 disenchanters 26 vampire leaders 5 skeletons 18 aligned clerics 5 captains 6 shades 9 liches 3 clay golems 4 nurses 5 ice devils 3 nalfeshnees 4 lurkers above an Aleax a frost giant 5 ettins 8 black puddings 27 vampires 6 lieutenants 29 ghosts 2 queen bees a winged gargoyle 2 mind flayers 3 giant mimics 2 long worms 8 zruties 23 fire giants 10 ogre tyrants 2 ice trolls 3 rock trolls 9 umber hulks 2 flesh golems 8 elven monarchs 2 doppelgangers 9 hezrous 8 bone devils 3 large mimics 5 wumpuses 8 fire vortices 11 stalkers 14 air elementals 5 fire elementals 7 earth elementals 11 water elementals 4 hill giants 4 giant mummies 2 black nagas 5 xorns 20 giant zombies 3 elf-nobles 10 sergeants 6 barbed devils 13 vrocks 6 salamanders 15 wargs 2 winter wolves 7 hell hound pups 7 small mimics 4 glass piercers 3 warhorses 11 steam vortices 9 xans 2 ettin mummies 7 ogre leaders 11 quantum mechanics 9 trolls 2 sasquatches 2 wood golems 3 erinyes 2 mariliths a djinni 4 sharks 4 electric eels 9 gelatinous cubes 2 pyrolisks 5 large dogs 3 freezing spheres 12 flaming spheres 7 shocking spheres 3 large cats a tiger 8 gargoyles 4 ochre jellies 7 leocrottas 7 energy vortices 4 mountain centaurs 4 stone giants 5 elf mummies 2 human mummies 3 red nagas 4 green slimes 5 pythons 3 pit vipers 6 cobras 51 wraiths 2 carnivorous apes 16 ettin zombies 3 leather golems 10 Grey-elves 34 soldiers 5 amorous demons 10 horned devils 5 chameleons 5 crocodiles 10 giant beetles 4 quivering blobs 16 cockatrices a wolf 4 winter wolf cubs 2 lynxes 4 panthers 4 gremlins 2 spotted jellies 13 leprechauns 5 orc-captains 2 iron piercers 4 mumakil 7 giant spiders 2 scorpions 6 horses 3 ice vortices 3 black lights 12 vampire bats 6 forest centaurs 2 gnome rulers 4 orc mummies a dwarf mummy 5 ogres 9 brown puddings 8 rust monsters 12 owlbears 9 yetis 2 gold golems a werewolf 14 Green-elves 2 piranha 10 giant eels 19 lizards a chickatrice a dingo 2 dogs a housecat 5 jaguars 3 blue jellies a gray unicorn 2 black unicorns 7 dust vortices 5 ravens 3 plains centaurs 4 gnome mummies 2 snakes 14 apes 16 human zombies 3 rope golems 8 Woodland-elves 12 soldier ants 61 fire ants 8 bugbears 8 lemures 4 quasits a wood nymph 4 water nymphs a mountain nymph 8 Mordor orcs 26 Uruk-hai an orc shaman 4 rock piercers 5 rock moles a pony 6 fog clouds 13 yellow lights 2 shriekers 7 violet fungi a gnome leader a gnomish wizard 3 kobold mummies 3 gray oozes 2 barrow wights 14 elf zombies 10 ghouls 2 straw golems a paper golem 3 jellyfish a baby crocodile 20 giant ants a little dog 5 floating eyes 5 kittens 2 dwarves 3 homunculi 2 kobold leaders 2 kobold shamans 36 hill orcs 5 rothes a rabid rat 2 centipedes 3 giant bats a monkey 17 orc zombies 16 dwarf zombies 3 wererats a werejackal 4 iguanas 86 killer bees 3 acid blobs a hobbit a large kobold 11 hobgoblins 4 giant rats 4 cave spiders a brown mold 5 yellow molds a green mold 3 red molds 10 gnomes 11 gnome zombies 7 geckos 11 jackals 3 foxes 2 kobolds 7 goblins 3 grid bugs 10 lichens 16 kobold zombies 3 newts 1766 creatures vanquished. Extinct species: erinyes (extinct) 1 species extinct. Voluntary challenges: You read items or engraved 65 times. You never engraved Elbereth. You never had a pet. You never genocided any monsters. You never changed form. You used 15 wishes. You did not wish for any artifacts. You did not violate any of the special Sokoban rules. Achievements: You entered a shop. You attained the rank of Skirmisher. You entered the Gnomish Mines. You attained the rank of Fighter. You entered a temple. You consulted the Oracle of Delphi. You entered Sokoban. You attained the rank of Woman-at-arms. You defeated Medusa. You entered Gehennom. You attained the rank of Warrior. You had the Bell of Opening. You had the Candelabrum of Invocation. You handled the Book of the Dead. You gained access to Moloch's Sanctum. You reached the Elemental Planes. You reached the Astral Plane. You delivered the Amulet of Yendor. You ascended! The Elemental Planes: Astral Plane: <- You are here. Many temples. Plane of Water: Plane of Fire: Plane of Air: Plane of Earth: The Dungeons of Doom: levels 1 to 25 Level 1: One way stairs up to The Elemental Planes. Level 2: An armor shop, a fountain. Level 3: An altar. Level 4: Stairs down to The Gnomish Mines. Level 5: Many fountains. Oracle of Delphi. Level 6: Stairs up to Sokoban, level 5. Level 7: Level 8: A fountain. Level 9: Level 10: A fountain. Level 11: Portal to The Quest. Level 12: An altar. Level 13: Level 14: Level 15: A primitive area. Level 16: Level 17: An altar, a sink. Level 18: Level 19: Some fountains. Level 20: Level 21: Level 22: Level 23: Level 24: Level 25: A fountain. The castle. Connection to Gehennom. Gehennom: levels 26 to 46 Level 26: A temple, many graves. Valley of the Dead. Level 27: Level 28: Level 29: Level 30: Level 31: Level 32: Some fountains. Level 33: Level 34: Level 35: Level 36: Level 37: Stairs up to Vlad's Tower, level 36. Level 38: An untended shop, an altar, many graves. Level 39: Level 40: Level 41: Level 42: Level 43: "portal" Level 44: Level 45: Level 46: A temple, many graves. Moloch's Sanctum. The Gnomish Mines: levels 5 to 12 Level 5: Level 6: Level 7: Level 8: Many shops, a temple, some fountains. Level 9: Level 10: Level 11: Level 12: The Quest: levels 1 to 5 Level 1: A fountain. Completed quest for the Norn. Level 2: Level 3: Level 4: Level 5: Sokoban: levels 5 up to 2 Level 2: Unsolved. Level 3: Solved. Level 4: Solved. Level 5: Solved. Vlad's Tower: levels 36 up to 34 Level 34: Level 35: Level 36: Farvel ais523 the Demigoddess... You went to your reward with 2649064 points, Excalibur (worth 4000 zorkmids and 10000 points) The Orb of Fate (worth 3500 zorkmids and 8750 points) The Candelabrum of Invocation (worth 5000 zorkmids and 12500 points) The Bell of Opening (worth 5000 zorkmids and 12500 points) 4 amulets of life saving (worth 600 zorkmids), and 0 pieces of gold, after 30336 moves. You were level 17 with a maximum of 157 hit points when you ascended.